 Dungeon Crawl Stone Soup version 0.27-a0-668-gb5737ff2c0 (webtiles) character file.

Game seed: 6700531978104697642

166 jasper the Charlatan (level 5, 0/37 HPs)
             Began as a Human Wanderer on Mar 17, 2021.
             Succumbed to a worker ant's poison
             ... on level 4 of the Dungeon.
             The game lasted 00:03:19 (2555 turns).

jasper the Charlatan (Human Wanderer)               Turns: 2555, Time: 00:03:20

Health: 0/37       AC:  7    Str: 12 (14) XL:     5   Next: 76%
Magic:  5/5        EV:  9    Int:  8 (11) God:
Gold:   158        SH:  0    Dex: 11 (13) Spells: 4/4 levels left

rFire    . . .     SeeInvis .   a - +0 shortbow
rCold    . . .     Faith    .   (shield currently unavailable)
rNeg     . . .     Spirit   .   k - +0 scale mail
rPois    .         Reflect  .   (no helmet)
rElec    .         Harm     .   (no cloak)
rCorr    .         Rampage  .   (no gloves)
Will     .....                  i - +0 pair of boots
Stlth    ..........             (no amulet)
HPRegen  0.12/turn              (no ring)
MPRegen  0.09/turn              (no ring)

@: lethally poisoned (0 -> -14)
A: no striking features
a: no special abilities


You were on level 4 of the Dungeon.
You visited 1 branch of the dungeon, and saw 4 of its levels.

You collected 158 gold pieces.

Inventory:

Hand Weapons
 a - a +0 shortbow (weapon)
Missiles
 c - 31 arrows (quivered ammo)
Armour
 d - a +0 ring mail
 i - a +0 pair of boots (worn)
 k - a +0 scale mail (worn)
Jewellery
 h - a ring of wizardry
 j - an amulet of reflection
Scrolls
 e - a scroll of teleportation {unknown}
 g - a scroll of identify
Potions
 f - 2 potions of mutation
 l - 2 potions of attraction


   Skills:
 - Level 1.0 Fighting
 - Level 2.0 Short Blades
 - Level 3.0 Axes
 + Level 0.1 Bows
 - Level 2.0 Armour
 - Level 1.0 Dodging
 - Level 1.0 Shields
 - Level 4.6 Evocations


You had 4 spell levels left.
You didn't know any spells.
Your spell library was empty.

Dungeon Overview and Level Annotations

Branches:
Dungeon (4/15)
 Temple: D:4-7

Altars:

Annotations:
D:2 1 runed translucent door, Crazy Yiuf
D:3 Ijyb, Sigmund


Message History

The worker ant is heavily wounded.
You feel sick. The worker ant barely misses you. x2
You take 1 damage, and have 23/37 hp.
Fire: 35 arrows
Press: ? - help, Q - select action Shift-Dir - straight line, f/p - worker ant
Aim: a worker ant (heavily wounded, 56% to hit)
You shoot an arrow. The arrow barely misses the worker ant.
You feel sick. The worker ant bites you.
You take 2 damage, and have 21/37 hp.
Fire: 34 arrows
Press: ? - help, Q - select action Shift-Dir - straight line, f/p - worker ant
Aim: a worker ant (heavily wounded, 56% to hit)
You shoot an arrow. The arrow barely misses the worker ant.
You feel sick. The worker ant bites you. x2
* * * LOW HITPOINT WARNING * * *
You are lethally poisoned!
The worker ant poisons you!
You take 12 damage, and have 9/37 hp.
MASSIVE DAMAGE!!
Fire: 33 arrows
Press: ? - help, Q - select action Shift-Dir - straight line, f/p - worker ant
Aim: a worker ant (heavily wounded, 56% to hit)
You shoot an arrow. The arrow barely misses the worker ant.
* * * LOW HITPOINT WARNING * * *
You feel sick.
The worker ant waves its antennae.
The worker ant bites you.
* * * LOW HITPOINT WARNING * * *
You take 7 damage, and have 2/37 hp.
It was a potion of degeneration.
There was something very wrong with that liquid.
You feel weakened.
You feel dopey.
You feel clumsy.
* * * LOW HITPOINT WARNING * * *
You feel sick. The worker ant closely misses you.
You take 1 damage, and have 1/37 hp.
Fire: 32 arrows
Press: ? - help, Q - select action Shift-Dir - straight line, f/p - worker ant
Aim: a worker ant (heavily wounded, 54% to hit)
You shoot an arrow. The arrow hits the worker ant!
The worker ant is almost dead.
You die...

#..... #..... #.....
#..... ########....#
#..... #(.B@..#...<#
#..... #..#...+....#
#..... ##
##..#....####.....
#..#...........##
#..#...........# .
#..#...........#
....#..#...........##
#...†#######......
#....# #......


You could see a worker ant.

Vanquished Creatures
  A centaur (D:3)
  A worker ant (D:3)
  2 adders (D:2)
  A worm (D:2)
  2 dart slugs
  2 leopard geckos
  9 bats
  2 giant cockroaches
  2 hobgoblins (D:1)
  A ball python (D:1)
  6 goblins
  5 kobolds
  2 rats
36 creatures vanquished.

Vanquished Creatures (others)
  A plant (D:1)
1 creature vanquished.

Grand Total: 37 creatures vanquished

Notes
Turn   | Place    | Note
-------+----------+-------------------------------------------
     0 | D:1      | jasper the Human Wanderer began the quest for the Orb.
     0 | D:1      | jasper set off with the following items: a +0 shortbow, a
                  | wand of flame (15), 28 arrows, a +0 ring mail
     0 | D:1      | Reached XP level 1. HP: 15/15 MP: 1/1
   295 | D:1      | Reached XP level 2. HP: 21/21 MP: 2/2
   969 | D:2      | Reached skill level 2 in Evocations
   969 | D:2      | Reached XP level 3. HP: 23/26 MP: 3/3
  1038 | D:2      | Found a runed translucent door.
  1039 | D:2      | Noticed Crazy Yiuf
  1450 | D:2      | Reached XP level 4. HP: 32/32 MP: 4/4
  1628 | D:2      | Reached skill level 3 in Evocations
  1741 | D:3      | Noticed Ijyb
  2162 | D:4      | Noticed a centaur
  2173 | D:3      | Killed a centaur
  2174 | D:3      | Reached skill level 4 in Evocations
  2174 | D:3      | Reached XP level 5. HP: 3/37 MP: 5/5
  2461 | D:3      | Noticed Sigmund
  2554 | D:4      | HP: 1/37 [poisoned by a worker ant]
  2555 | D:4      | Succumbed to a worker ant's poison

Illustrated notes

Levels and vault maps discovered:
D:1:      minmay_arrival_checkered_box, layout_loops_ring, serial_forest,
          infiniplex_forest_side_room, infiniplex_forest_clump_long,
          infiniplex_forest_straight_3, infiniplex_forest_zigzag_2,
          infiniplex_forest_clump_double, infiniplex_forest_clump_long,
          infiniplex_forest_clump_tiny
D:2:      layout_rooms, uniq_crazy_yiuf_cottage
D:3:      layout_loops_ring, uniq_sigmund, uniq_jessica, uniq_ijyb, uniq_natasha
D:4:      layout_gridville

Skill      XL: |  1  2  3  4 |
---------------+-------------+-----
Evocations     | 2 4 |  4.6
Axes           | 3 |  3.0
Fighting       | |  1.0
Short Blades   | |  2.0
Bows           | |  0.1
Armour         | |  2.0
Dodging        | |  1.0
Shields        | |  1.0

Action                   |  1- 3 |  4- 6 || total
-------------------------+-------+-------++-------
 Fire: Shortbow          |    85 |    35 ||   120
Evoke: Wand              |     8 |     7 ||    15
  Use: Scroll            |       |     3 ||     3
       Potion            |       |     2 ||     2
Armor: Ring mail         |     2 |       ||     2
       Scale mail        |    28 |    14 ||    42
Dodge: Dodged            |    22 |    11 ||    33

Table legend: (Time is in decaauts)
 A = Elapsed time spent in this place.
 B = Non-inter-level travel time spent in this place.
 C = Inter-level travel time spent in this place.
 D = Time resting spent in this place.
 E = Time spent auto-exploring this place.
 F = Levels seen in this place.
 G = Mean time per level.
                   A        B        C        D        E       F      G
               +--------+--------+--------+--------+--------+-----+--------+
         Total |   2594 |   2469 |    125 |    534 |   1604 |   4 |  648.5 |
       Dungeon |   2594 |   2469 |    125 |    534 |   1604 |   4 |  648.5 |
               +--------+--------+--------+--------+--------+-----+--------+

Top non-repeatable levels by time:
     D:2: 1118 daAuts
     D:1: 952 daAuts
     D:3: 431 daAuts
     D:4: 91 daAuts
